Pick #1

Connor Bedard
Pick #2

Leo Carlsson
Pick #3

Adam Fantilli
Pick #4

Matvei Michkov
Pick #5

David Reinbacher
Pick #6

William Smith
Pick #7

Zachary Benson
Pick #8

Ryan Leonard
Pick #9

Gabriel Perreault
Pick #10

Axel Sandin-Pellika
Pick #11

Daniil But
Pick #12

Dalibor Dvorsky
Pick #13

Quentin Musty
Pick #14

Brayden Yager
Pick #15

Dmitry Simashev
Pick #16

Colby Barlow
Pick #17

Andrew Cristall
Pick #18

Easton Cowan
Pick #19

Jacob Fowler
Pick #20

Oliver Moore
Pick #21

Oliver Bonk
Pick #22

Tom Willander
Pick #23

Calum Ritchie
Pick #24

Tanner Molendyk
Pick #25

Gavin Brindley
Pick #26

Nate Danielson
Pick #27

Pick #28

Pick #29

Pick #30

Pick #31

Pick #32

Pick #33

Pick #34

Pick #35

Pick #36

Pick #37

Pick #38

Pick #39

Pick #40

Pick #41

Pick #42

Pick #43

Pick #44

Pick #45

Pick #46

Pick #47

Pick #48

Pick #49

Pick #50

Pick #51

Pick #52

Pick #53

Pick #54

Pick #55

Pick #56

Pick #57

Pick #58

Pick #59

Pick #60

Pick #61

Pick #62

Pick #63

Pick #64

Pick #65

Pick #66

Pick #67

Pick #68

Pick #69

Pick #70

Pick #71

Pick #72

Pick #73

Pick #74

Pick #75

Pick #76

Pick #77

Pick #78

Pick #79

Pick #80

Pick #81

Pick #82

Pick #83

Pick #84

Pick #85

Pick #86

Pick #87

Pick #88

Pick #89

Pick #90

Pick #91

Pick #92

Pick #93

Pick #94

Pick #95

Pick #96

Pick #97

Pick #98

Pick #99

Pick #100

Pick #101

Pick #102

Pick #103

Pick #104

Pick #105

Pick #106

Pick #107

Pick #108

Pick #109

Pick #110

Pick #111

Pick #112

Pick #113

Pick #114

Pick #115

Pick #116

Pick #117

Pick #118

Pick #119

Pick #120

Pick #121

Pick #122

Pick #123

Pick #124

Pick #125

Pick #126

Pick #127

Pick #128

Pick #129

Pick #130

Full Scoreboard »»

BlackHawks vs Bruins

Created - November 4, 2023 at 22:02

Goals
1 2 3 OT1 SO T
BlackHawks 1 0 2 0 1 4
Bruins 1 1 1 0 0 3
Shots
1 2 3 OT1 SO T
BlackHawks 10 6 13 3 4 32
Bruins 7 13 12 4 4 36

GoalsPenalties
1st period
1. Bruins , Tom Wilson 8 (Trevor Zegras 7, Brett Pesce 8) at 1:30
2. BlackHawks , Jordan Martinook 2 (Nick Ritchie 3, Jaden Schwartz 3) at 14:30
Jake Oettinger (BOS) for Slashing (Double Minor) at 10:00 - Tom Wilson served the penalty.
2nd period
3. Bruins , Trevor Zegras 4 (Brett Pesce 9, Tom Wilson 6) at 2:06
Nick Ritchie (CHI) for Tripping (Minor) at 2:20
Derek Forbort (CHI) for High sticking (Minor) at 6:08
3rd period
4. Bruins , Alex Iafallo 5 (Trevor Zegras 8, Tom Wilson 7) at 3:53
5. BlackHawks , Ivan Barbashev 7 (Derek Forbort 2, Anders Lee 6) at 4:09
6. BlackHawks , Max Domi 4 (Ivan Barbashev 11, Braden Schneider 6) at 7:11
Brett Pesce (BOS) for Slashing (Minor) at 11:22
Tom Wilson (BOS) for Roughing (Minor) at 14:31
Overtime #1
No Goal
Shootout
BlackHawks, Anders Lee - Stopped by Jake Oettinger
Bruins, Bryan Rust - Stopped by Marc-Andre Fleury
BlackHawks, Ivan Barbashev - Stopped by Jake Oettinger
Bruins, Trevor Zegras - Stopped by Marc-Andre Fleury
BlackHawks, Tyler Seguin - Shot Misses the Net
Bruins, Tyler Bertuzzi - Shot Misses the Net
BlackHawks, Andrei Kuzmenko - Goal!
Bruins, Anze Kopitar - Stopped by Marc-Andre Fleury
Goalie Stats
Marc-Andre Fleury (CHI), 33 saves from 36 shots - (0.917), W, 5-4-1, 65:00 minutes
Jake Oettinger (BOS), 29 saves from 32 shots - (0.906), OTL, 9-3-1, 65:00 minutes
3 StarsOfficial
1 - Tom Wilson (BOS)
2 - Trevor Zegras (BOS)
3 - Ivan Barbashev (CHI)
Referees : Justin St. Pierre and Mitch Dunning
Linesman : Shaun Morgan and Ryan Daisy
Game Note
No Game Note
Finance
Level 1 -- Attendance: 5559 (92.65%) -- Ticket Income $655,962
Level 2 -- Attendance: 5000 (100.00%) -- Ticket Income $375,000
Level 3 -- Attendance: 3162 (90.34%) -- Ticket Income $151,776
Level 4 -- Attendance: 3136 (98.62%) -- Ticket Income $94,080
Luxury Box -- Attendance: 983 (98.30%) -- Ticket Income $207,413
Game was played at the TD Garden.
Total Attendance: 17840 (95.50%)
Total Ticket Income: $1,484,231
Other Income: $371,058
Total Income: $1,855,289



Team Name Goals Shots Shots Attemp Shots Blocked PIM HIT PP PK FO%
BlackHawks 4326464230 / 3 (0%)060%
Bruins 33662128170 / 2 (0%)040%

BlackHawks
Player Name POS G A P +/- PIM HIT SHT SB MP PP MP PP SHT PK MP PK SHT FO% FOT
Anders LeeLW0111012026:284:2703:26057% 14
Andrei KuzmenkoLW000-2004022:303:3000:3200% 0
Braden SchneiderD0111030026:304:2702:4700% 0
Derek ForbortD0111241025:174:2711:0000% 0
Ivan BarbashevC1121056026:184:2713:26052% 25
Jaden SchwartzC0111004116:020:0000:00067% 15
Jordan MartinookLW1011002015:450:0000:0000% 1
Justin BraunD0001001014:420:0000:0000% 0
Marc-Edouard VlasicD000-2001122:083:3012:0400% 0
Matt MartinLW000000000:000:0000:0000% 0
Max ComtoisLW000000000:000:0000:0000% 0
Max DomiC1011004220:464:2700:00025% 4
Nick RitchieLW0111230115:440:0000:0000% 0
Ryan DonatoC000000000:000:0000:0000% 0
Sonny MilanoLW000-2014019:583:3000:0000% 0
Ty DellandreaC0001021014:420:0000:0000% 0
Tyler SeguinC000-2001022:303:3000:32073% 26
Zach BogosianD000-2041121:403:3002:0500% 0
Bruins
Player Name POS G A P +/- PIM HIT SHT SB MP PP MP PP SHT PK MP PK SHT FO% FOT
Alex IafalloLW1013005022:110:0004:5100% 0
Anze KopitarC000-3003021:591:4200:00046% 24
Brady SkjeiD000-1003122:122:3000:0000% 0
Brett PesceD0222211019:050:0003:0100% 0
Bryan RustRW000-3024122:272:1610:000100% 1
Cam FowlerD000-1013127:182:3004:0510% 0
Charlie CoyleC0000001015:550:0004:51138% 16
Dmitry KulikovD0002000118:091:2801:0700% 0
Jamie OleksiakD0000021014:500:0004:0500% 0
Josh MansonD000-100033:480:0000:0000% 0
Kailer YamamotoRW0000022015:110:0000:2000% 0
Nicolas RoyC000002007:040:0002:46060% 10
T.J. BrodieD000-1000319:371:2803:3600% 0
Tom WilsonRW1233246017:541:4210:00033% 3
Trevor ZegrasC1233004119:402:0220:00031% 26
Tyler BertuzziLW0000011013:092:1600:2000% 0
Yegor SharangovichC000-3011119:141:4210:0000% 3
Zach PariseLW000001107:180:1402:46050% 2



Play-by-Play

1st period


0:01 of 1st period - Anze Kopitar wins face-off versus Max Domi in neutral zone.
0:34 of 1st period - Yegor Sharangovich is hit by Derek Forbort and loses puck.
1:02 of 1st period - Alex Iafallo is hit by Derek Forbort and loses puck.
1:17 of 1st period - Tom Wilson is hit by Braden Schneider and loses puck.
1:28 of 1st period - Shot by Trevor Zegras.
1:28 of 1st period - Shot Blocked by Max Domi.
1:30 of 1st period - Shot by Tom Wilson.
1:30 of 1st period - Goal by Tom Wilson - BlackHawks : 0 - Bruins : 1.
1:31 of 1st period - Charlie Coyle wins face-off versus Tyler Seguin in neutral zone.
1:57 of 1st period - Shot by Charlie Coyle.
1:57 of 1st period - Shot Hit the Post.
2:49 of 1st period - Shot by Jaden Schwartz.
2:49 of 1st period - Shot Misses the Net.
3:06 of 1st period - Off-side.
3:07 of 1st period - Trevor Zegras wins face-off versus Jordan Martinook in neutral zone.
3:12 of 1st period - Shot by Tom Wilson.
3:12 of 1st period - Stopped by Marc-Andre Fleury without a rebound.
3:13 of 1st period - Jaden Schwartz wins face-off versus Yegor Sharangovich in BlackHawks zone.
3:13 of 1st period - Jaden Schwartz is hit by Yegor Sharangovich.
3:38 of 1st period - Yegor Sharangovich is hit by Ty Dellandrea and loses puck.
4:21 of 1st period - Shot by Alex Iafallo.
4:21 of 1st period - Shot Misses the Net.
4:23 of 1st period - Shot by Trevor Zegras.
4:23 of 1st period - Shot Misses the Net.
4:25 of 1st period - Shot by Tom Wilson.
4:25 of 1st period - Shot Blocked by Max Domi.
4:39 of 1st period - Shot by Alex Iafallo.
4:39 of 1st period - Stopped by Marc-Andre Fleury without a rebound.
4:40 of 1st period - Tyler Seguin wins face-off versus Nicolas Roy in BlackHawks zone.
4:40 of 1st period - Tyler Seguin is hit by Nicolas Roy.
6:00 of 1st period - Shot by Anze Kopitar.
6:00 of 1st period - Deflect By Bryan Rust.
6:00 of 1st period - Stopped by Marc-Andre Fleury without a rebound.
6:01 of 1st period - Trevor Zegras wins face-off versus Ivan Barbashev in BlackHawks zone.
6:18 of 1st period - Shot by Anders Lee.
6:18 of 1st period - Stopped by Jake Oettinger without a rebound.
6:19 of 1st period - Jaden Schwartz wins face-off versus Nicolas Roy in Bruins zone.
6:20 of 1st period - Shot by Jordan Martinook.
6:20 of 1st period - Stopped by Jake Oettinger without a rebound.
6:21 of 1st period - Ivan Barbashev wins face-off versus Trevor Zegras in Bruins zone.
7:25 of 1st period - Shot by Bryan Rust.
7:25 of 1st period - Deflect By Yegor Sharangovich.
7:25 of 1st period - Shot Misses the Net.
8:18 of 1st period - Icing by Justin Braun.
8:19 of 1st period - Charlie Coyle wins face-off versus Jaden Schwartz in BlackHawks zone.
8:22 of 1st period - Shot by Tyler Bertuzzi.
8:22 of 1st period - Shot Misses the Net.
8:59 of 1st period - Jamie Oleksiak is hit by Nick Ritchie.
9:32 of 1st period - Shot by Andrei Kuzmenko.
9:32 of 1st period - Shot Misses the Net.
9:34 of 1st period - Shot by Sonny Milano.
9:34 of 1st period - Stopped by Jake Oettinger without a rebound.
9:35 of 1st period - Tyler Seguin wins face-off versus Anze Kopitar in Bruins zone.
9:42 of 1st period - Shot by Andrei Kuzmenko.
9:42 of 1st period - Shot Misses the Net.
9:44 of 1st period - Shot by Sonny Milano.
9:44 of 1st period - Stopped by Jake Oettinger without a rebound.
9:45 of 1st period - Tyler Seguin wins face-off versus Trevor Zegras in Bruins zone.
9:46 of 1st period - Shot by Sonny Milano.
9:46 of 1st period - Stopped by Jake Oettinger without a rebound.
9:47 of 1st period - Tyler Seguin wins face-off versus Trevor Zegras in Bruins zone.
9:58 of 1st period - Shot by Tyler Seguin.
9:58 of 1st period - Shot Blocked by Trevor Zegras.
10:00 of 1st period - Shot by Andrei Kuzmenko.
10:00 of 1st period - Stopped by Jake Oettinger without a rebound.
10:00 of 1st period - Double Minor Penalty to Jake Oettinger for Slashing.
10:01 of 1st period - Ivan Barbashev wins face-off versus Charlie Coyle in Bruins zone.
10:22 of 1st period - Shot by Braden Schneider.
10:22 of 1st period - Shot Misses the Net.
10:24 of 1st period - Shot by Derek Forbort.
10:24 of 1st period - Stopped by Jake Oettinger without a rebound.
10:25 of 1st period - Nicolas Roy wins face-off versus Tyler Seguin in Bruins zone.
11:53 of 1st period - Off-side.
11:54 of 1st period - Nicolas Roy wins face-off versus Ivan Barbashev in neutral zone.
12:56 of 1st period - Shot by Sonny Milano.
12:56 of 1st period - Shot Misses the Net.
14:05 of 1st period - Anze Kopitar is hit by Nick Ritchie and loses puck.
14:12 of 1st period - Shot by Jaden Schwartz.
14:12 of 1st period - Shot Misses the Net.
14:26 of 1st period - Shot by Nick Ritchie.
14:26 of 1st period - Shot Misses the Net.
14:28 of 1st period - Shot by Nick Ritchie.
14:28 of 1st period - Shot Blocked by Josh Manson.
14:30 of 1st period - Shot by Jordan Martinook.
14:30 of 1st period - Goal by Jordan Martinook - BlackHawks : 1 - Bruins : 1.
14:31 of 1st period - Tyler Seguin wins face-off versus Trevor Zegras in neutral zone.
15:32 of 1st period - Shot by Jordan Martinook.
15:32 of 1st period - Shot Misses the Net.
15:34 of 1st period - Shot by Justin Braun.
15:34 of 1st period - Shot Blocked by Dmitry Kulikov.
15:36 of 1st period - Shot by Justin Braun.
15:36 of 1st period - Stopped by Jake Oettinger with a rebound.
17:13 of 1st period - Marc-Edouard Vlasic is hit by Kailer Yamamoto and loses puck.
17:26 of 1st period - Shot by Tyler Bertuzzi.
17:26 of 1st period - Stopped by Marc-Andre Fleury without a rebound.
17:27 of 1st period - Jaden Schwartz wins face-off versus Trevor Zegras in BlackHawks zone.
17:27 of 1st period - Jaden Schwartz is hit by Tom Wilson.
17:51 of 1st period - Shot by Trevor Zegras.
17:51 of 1st period - Shot Misses the Net.
17:53 of 1st period - Shot by Cam Fowler.
17:53 of 1st period - Stopped by Marc-Andre Fleury without a rebound.
17:54 of 1st period - Zach Parise wins face-off versus Ivan Barbashev in BlackHawks zone.
18:23 of 1st period - Shot by Ivan Barbashev.
18:23 of 1st period - Shot Blocked by Josh Manson.
18:25 of 1st period - Shot by Ivan Barbashev.
18:25 of 1st period - Stopped by Jake Oettinger without a rebound.
18:26 of 1st period - Anze Kopitar wins face-off versus Jaden Schwartz in Bruins zone.
19:32 of 1st period - Tom Wilson is hit by Derek Forbort and loses puck.
19:37 of 1st period - Shot by Trevor Zegras.
19:37 of 1st period - Stopped by Marc-Andre Fleury without a rebound.
19:38 of 1st period - Tyler Seguin wins face-off versus Charlie Coyle in BlackHawks zone.
19:42 of 1st period - Andrei Kuzmenko is hit by Jamie Oleksiak and loses puck.
Goals for this period are 1 for BlackHawks vs 1 for Bruins.
Shots for this period are 10 for BlackHawks vs 7 for Bruins.

2nd period


0:01 of 2nd period - Max Domi wins face-off versus Trevor Zegras in neutral zone.
0:18 of 2nd period - Shot by Alex Iafallo.
0:18 of 2nd period - Stopped by Marc-Andre Fleury without a rebound.
0:19 of 2nd period - Tyler Seguin wins face-off versus Anze Kopitar in BlackHawks zone.
0:35 of 2nd period - Icing by Brady Skjei.
0:36 of 2nd period - Ivan Barbashev wins face-off versus Anze Kopitar in Bruins zone.
0:45 of 2nd period - Shot by Anze Kopitar.
0:45 of 2nd period - Stopped by Marc-Andre Fleury without a rebound.
0:46 of 2nd period - Anders Lee wins face-off versus Trevor Zegras in BlackHawks zone.
0:55 of 2nd period - Shot by Max Domi.
0:55 of 2nd period - Stopped by Jake Oettinger without a rebound.
0:56 of 2nd period - Ivan Barbashev wins face-off versus Charlie Coyle in Bruins zone.
0:56 of 2nd period - Anders Lee is hit by Cam Fowler.
1:32 of 2nd period - Shot by Kailer Yamamoto.
1:32 of 2nd period - Stopped by Marc-Andre Fleury with a rebound.
1:34 of 2nd period - Shot by Kailer Yamamoto.
1:34 of 2nd period - Stopped by Marc-Andre Fleury without a rebound.
1:35 of 2nd period - Tyler Seguin wins face-off versus Trevor Zegras in BlackHawks zone.
2:00 of 2nd period - Shot by Tom Wilson.
2:00 of 2nd period - Stopped by Marc-Andre Fleury with a rebound.
2:06 of 2nd period - Shot by Trevor Zegras.
2:06 of 2nd period - Goal by Trevor Zegras - BlackHawks : 1 - Bruins : 2.
2:07 of 2nd period - Jaden Schwartz wins face-off versus Anze Kopitar in neutral zone.
2:20 of 2nd period - Minor Penalty to Nick Ritchie for Tripping.
2:21 of 2nd period - Anders Lee wins face-off versus Trevor Zegras in BlackHawks zone.
3:20 of 2nd period - Icing by Yegor Sharangovich.
3:21 of 2nd period - Anze Kopitar wins face-off versus Anders Lee in Bruins zone.
3:25 of 2nd period - Off-side.
3:26 of 2nd period - Anders Lee wins face-off versus Anze Kopitar in neutral zone.
3:32 of 2nd period - Icing by Tom Wilson.
3:33 of 2nd period - Anze Kopitar wins face-off versus Anders Lee in Bruins zone.
4:29 of 2nd period - Shot by Andrei Kuzmenko.
4:29 of 2nd period - Stopped by Jake Oettinger without a rebound.
4:30 of 2nd period - Nicolas Roy wins face-off versus Tyler Seguin in Bruins zone.
4:39 of 2nd period - Derek Forbort is hit by Nicolas Roy and loses puck.
4:45 of 2nd period - Icing by Derek Forbort.
4:46 of 2nd period - Tyler Seguin wins face-off versus Charlie Coyle in BlackHawks zone.
5:12 of 2nd period - Shot by Sonny Milano.
5:12 of 2nd period - Stopped by Jake Oettinger without a rebound.
5:13 of 2nd period - Jaden Schwartz wins face-off versus Trevor Zegras in Bruins zone.
5:50 of 2nd period - Zach Bogosian is hit by Tom Wilson and loses puck.
6:04 of 2nd period - Trevor Zegras is hit by Ivan Barbashev and loses puck.
6:08 of 2nd period - Minor Penalty to Derek Forbort for High sticking.
6:09 of 2nd period - Anders Lee wins face-off versus Zach Parise in BlackHawks zone.
6:22 of 2nd period - Shot by Bryan Rust.
6:22 of 2nd period - Stopped by Marc-Andre Fleury without a rebound.
6:23 of 2nd period - Tom Wilson wins face-off versus Anders Lee in BlackHawks zone.
6:23 of 2nd period - Yegor Sharangovich is hit by Braden Schneider and loses puck.
6:36 of 2nd period - Shot by Yegor Sharangovich.
6:36 of 2nd period - Stopped by Marc-Andre Fleury without a rebound.
6:37 of 2nd period - Trevor Zegras wins face-off versus Ivan Barbashev in BlackHawks zone.
6:51 of 2nd period - Shot by Bryan Rust.
6:51 of 2nd period - Deflect By Trevor Zegras.
6:51 of 2nd period - Stopped by Marc-Andre Fleury without a rebound.
6:52 of 2nd period - Anders Lee wins face-off versus Tom Wilson in BlackHawks zone.
7:13 of 2nd period - Shot by Anze Kopitar.
7:13 of 2nd period - Deflect By Tom Wilson.
7:13 of 2nd period - Stopped by Marc-Andre Fleury without a rebound.
7:14 of 2nd period - Tyler Seguin wins face-off versus Trevor Zegras in BlackHawks zone.
7:14 of 2nd period - Andrei Kuzmenko is hit by Tyler Bertuzzi and loses puck.
7:19 of 2nd period - Shot by Brady Skjei.
7:19 of 2nd period - Deflect By Trevor Zegras.
7:19 of 2nd period - Stopped by Marc-Andre Fleury without a rebound.
7:20 of 2nd period - Bryan Rust wins face-off versus Anders Lee in BlackHawks zone.
7:36 of 2nd period - Icing by Cam Fowler.
7:37 of 2nd period - Trevor Zegras wins face-off versus Anders Lee in Bruins zone.
7:55 of 2nd period - Zach Bogosian is hit by Bryan Rust and loses puck.
8:14 of 2nd period - T.J. Brodie is hit by Sonny Milano and loses puck.
9:19 of 2nd period - Jordan Martinook is hit by Brett Pesce.
9:23 of 2nd period - Shot by Jaden Schwartz.
9:23 of 2nd period - Shot Misses the Net.
9:29 of 2nd period - Shot by Jaden Schwartz.
9:29 of 2nd period - Stopped by Jake Oettinger without a rebound.
9:30 of 2nd period - Trevor Zegras wins face-off versus Ivan Barbashev in Bruins zone.
9:32 of 2nd period - Icing by Brady Skjei.
9:33 of 2nd period - Ivan Barbashev wins face-off versus Trevor Zegras in Bruins zone.
9:52 of 2nd period - Shot by Max Domi.
9:52 of 2nd period - Deflect By Ivan Barbashev.
9:52 of 2nd period - Shot Misses the Net.
9:54 of 2nd period - Shot by Ivan Barbashev.
9:54 of 2nd period - Stopped by Jake Oettinger without a rebound.
9:55 of 2nd period - Tyler Seguin wins face-off versus Yegor Sharangovich in Bruins zone.
10:24 of 2nd period - Bryan Rust is hit by Zach Bogosian and loses puck.
10:33 of 2nd period - Yegor Sharangovich is hit by Zach Bogosian.
11:19 of 2nd period - Shot by Alex Iafallo.
11:19 of 2nd period - Stopped by Marc-Andre Fleury without a rebound.
11:20 of 2nd period - Charlie Coyle wins face-off versus Ivan Barbashev in BlackHawks zone.
11:31 of 2nd period - Shot by Anders Lee.
11:31 of 2nd period - Stopped by Jake Oettinger without a rebound.
11:32 of 2nd period - Nicolas Roy wins face-off versus Jaden Schwartz in Bruins zone.
11:43 of 2nd period - Icing by Braden Schneider.
11:44 of 2nd period - Jaden Schwartz wins face-off versus Anze Kopitar in BlackHawks zone.
11:53 of 2nd period - Shot by Jaden Schwartz.
11:53 of 2nd period - Shot Blocked by Brady Skjei.
12:56 of 2nd period - Shot by Trevor Zegras.
12:56 of 2nd period - Shot Misses the Net.
13:38 of 2nd period - Shot by Tyler Bertuzzi.
13:38 of 2nd period - Shot Misses the Net.
13:40 of 2nd period - Shot by Tyler Bertuzzi.
13:40 of 2nd period - Shot Misses the Net.
14:28 of 2nd period - Icing by T.J. Brodie.
14:29 of 2nd period - Tyler Seguin wins face-off versus Charlie Coyle in Bruins zone.
15:57 of 2nd period - Cam Fowler is hit by Zach Bogosian and loses puck.
16:07 of 2nd period - Cam Fowler is hit by Zach Bogosian and loses puck.
17:51 of 2nd period - Shot by Zach Parise.
17:51 of 2nd period - Stopped by Marc-Andre Fleury without a rebound.
17:52 of 2nd period - Jaden Schwartz wins face-off versus Charlie Coyle in BlackHawks zone.
18:01 of 2nd period - Shot by Jordan Martinook.
18:01 of 2nd period - Shot Misses the Net.
18:15 of 2nd period - Shot by Derek Forbort.
18:15 of 2nd period - Shot Misses the Net.
18:17 of 2nd period - Shot by Derek Forbort.
18:17 of 2nd period - Deflect By Jordan Martinook.
18:17 of 2nd period - Shot Blocked by T.J. Brodie.
18:36 of 2nd period - Icing by Justin Braun.
18:37 of 2nd period - Tyler Seguin wins face-off versus Trevor Zegras in BlackHawks zone.
18:48 of 2nd period - Shot by Trevor Zegras.
18:48 of 2nd period - Shot Misses the Net.
18:50 of 2nd period - Shot by Tom Wilson.
18:50 of 2nd period - Shot Misses the Net.
Goals for this period are 0 for BlackHawks vs 1 for Bruins.
Shots for this period are 6 for BlackHawks vs 13 for Bruins.

3rd period


0:01 of 3rd period - Anze Kopitar wins face-off versus Ivan Barbashev in neutral zone.
0:01 of 3rd period - Anze Kopitar is hit by Ivan Barbashev.
0:05 of 3rd period - Shot by Brady Skjei.
0:05 of 3rd period - Stopped by Marc-Andre Fleury without a rebound.
0:06 of 3rd period - Anze Kopitar wins face-off versus Ivan Barbashev in BlackHawks zone.
0:13 of 3rd period - Shot by Bryan Rust.
0:13 of 3rd period - Stopped by Marc-Andre Fleury without a rebound.
0:14 of 3rd period - Anze Kopitar wins face-off versus Ivan Barbashev in BlackHawks zone.
0:15 of 3rd period - Shot by Brady Skjei.
0:15 of 3rd period - Stopped by Marc-Andre Fleury with a rebound.
0:17 of 3rd period - Shot by Anze Kopitar.
0:17 of 3rd period - Shot Misses the Net.
0:52 of 3rd period - Shot by Anze Kopitar.
0:52 of 3rd period - Shot Hit the Post.
0:54 of 3rd period - Shot by Cam Fowler.
0:54 of 3rd period - Stopped by Marc-Andre Fleury without a rebound.
0:55 of 3rd period - Tyler Seguin wins face-off versus Trevor Zegras in BlackHawks zone.
1:16 of 3rd period - Shot by Trevor Zegras.
1:16 of 3rd period - Shot Misses the Net.
1:22 of 3rd period - Shot by Tom Wilson.
1:22 of 3rd period - Shot Misses the Net.
1:24 of 3rd period - Shot by Tom Wilson.
1:24 of 3rd period - Stopped by Marc-Andre Fleury without a rebound.
1:25 of 3rd period - Charlie Coyle wins face-off versus Jaden Schwartz in BlackHawks zone.
1:34 of 3rd period - Shot by Jamie Oleksiak.
1:34 of 3rd period - Stopped by Marc-Andre Fleury with a rebound.
1:36 of 3rd period - Shot by Tyler Bertuzzi.
1:36 of 3rd period - Shot Blocked by Jaden Schwartz.
1:38 of 3rd period - Shot by Jamie Oleksiak.
1:38 of 3rd period - Shot Blocked by Nick Ritchie.
1:58 of 3rd period - Shot by Kailer Yamamoto.
1:58 of 3rd period - Shot Misses the Net.
2:00 of 3rd period - Shot by Charlie Coyle.
2:00 of 3rd period - Shot Misses the Net.
2:03 of 3rd period - Kailer Yamamoto is hit by Ty Dellandrea and loses puck.
2:43 of 3rd period - Shot by Bryan Rust.
2:43 of 3rd period - Shot Misses the Net.
2:45 of 3rd period - Shot by Brady Skjei.
2:45 of 3rd period - Stopped by Marc-Andre Fleury without a rebound.
2:46 of 3rd period - Tyler Seguin wins face-off versus Trevor Zegras in BlackHawks zone.
2:59 of 3rd period - Shot by Tyler Seguin.
2:59 of 3rd period - Deflect By Andrei Kuzmenko.
2:59 of 3rd period - Stopped by Jake Oettinger without a rebound.
3:00 of 3rd period - Ivan Barbashev wins face-off versus Anze Kopitar in Bruins zone.
3:20 of 3rd period - Off-side.
3:21 of 3rd period - Tyler Seguin wins face-off versus Tom Wilson in neutral zone.
3:21 of 3rd period - Tyler Seguin is hit by Tom Wilson.
3:37 of 3rd period - Shot by Tom Wilson.
3:37 of 3rd period - Stopped by Marc-Andre Fleury with a rebound.
3:53 of 3rd period - Shot by Alex Iafallo.
3:53 of 3rd period - Goal by Alex Iafallo - BlackHawks : 1 - Bruins : 3.
3:54 of 3rd period - Anze Kopitar wins face-off versus Ivan Barbashev in neutral zone.
3:59 of 3rd period - Off-side.
4:00 of 3rd period - Anze Kopitar wins face-off versus Max Domi in neutral zone.
4:00 of 3rd period - Cam Fowler is hit by Ivan Barbashev and loses puck.
4:09 of 3rd period - Shot by Ivan Barbashev.
4:09 of 3rd period - Goal by Ivan Barbashev - BlackHawks : 2 - Bruins : 3.
4:10 of 3rd period - Ivan Barbashev wins face-off versus Trevor Zegras in neutral zone.
4:59 of 3rd period - Tom Wilson is hit by Ivan Barbashev and loses puck.
5:55 of 3rd period - Shot by Anze Kopitar.
5:55 of 3rd period - Stopped by Marc-Andre Fleury without a rebound.
5:56 of 3rd period - Jaden Schwartz wins face-off versus Charlie Coyle in BlackHawks zone.
6:15 of 3rd period - Shot by Jaden Schwartz.
6:15 of 3rd period - Stopped by Jake Oettinger with a rebound.
6:23 of 3rd period - Shot by Ty Dellandrea.
6:23 of 3rd period - Shot Blocked by Josh Manson.
6:25 of 3rd period - Shot by Nick Ritchie.
6:25 of 3rd period - Shot Misses the Net.
6:27 of 3rd period - Shot by Ty Dellandrea.
6:27 of 3rd period - Stopped by Jake Oettinger without a rebound.
6:28 of 3rd period - Anze Kopitar wins face-off versus Ivan Barbashev in Bruins zone.
7:11 of 3rd period - Shot by Max Domi.
7:11 of 3rd period - Goal by Max Domi - BlackHawks : 3 - Bruins : 3.
7:12 of 3rd period - Tyler Seguin wins face-off versus Trevor Zegras in neutral zone.
7:22 of 3rd period - Shot by Trevor Zegras.
7:22 of 3rd period - Shot Blocked by Zach Bogosian.
8:15 of 3rd period - Jamie Oleksiak is hit by Nick Ritchie and loses puck.
8:26 of 3rd period - Shot by Jaden Schwartz.
8:26 of 3rd period - Shot Misses the Net.
8:44 of 3rd period - Shot by Jaden Schwartz.
8:44 of 3rd period - Stopped by Jake Oettinger without a rebound.
8:45 of 3rd period - Ivan Barbashev wins face-off versus Anze Kopitar in Bruins zone.
9:54 of 3rd period - Justin Braun is hit by Tom Wilson and loses puck.
10:59 of 3rd period - Zach Bogosian is hit by Kailer Yamamoto.
11:18 of 3rd period - Off-side.
11:19 of 3rd period - Ivan Barbashev wins face-off versus Yegor Sharangovich in neutral zone.
11:19 of 3rd period - Ivan Barbashev is hit by Bryan Rust.
11:22 of 3rd period - Minor Penalty to Brett Pesce for Slashing.
11:23 of 3rd period - Ivan Barbashev wins face-off versus Charlie Coyle in Bruins zone.
11:26 of 3rd period - Shot by Anders Lee.
11:26 of 3rd period - Shot Misses the Net.
11:53 of 3rd period - Shot by Ivan Barbashev.
11:53 of 3rd period - Stopped by Jake Oettinger without a rebound.
11:54 of 3rd period - Nicolas Roy wins face-off versus Tyler Seguin in Bruins zone.
11:59 of 3rd period - Shot by Cam Fowler.
11:59 of 3rd period - Stopped by Marc-Andre Fleury without a rebound.
12:00 of 3rd period - Charlie Coyle wins face-off versus Tyler Seguin in BlackHawks zone.
13:00 of 3rd period - Zach Parise is hit by Anders Lee and loses puck.
13:11 of 3rd period - Shot by Anders Lee.
13:11 of 3rd period - Shot Blocked by T.J. Brodie.
13:13 of 3rd period - Shot by Ivan Barbashev.
13:13 of 3rd period - Deflect By Anders Lee.
13:13 of 3rd period - Shot Misses the Net.
13:15 of 3rd period - Shot by Derek Forbort.
13:15 of 3rd period - Shot Misses the Net.
13:17 of 3rd period - Shot by Derek Forbort.
13:17 of 3rd period - Shot Misses the Net.
13:19 of 3rd period - Shot by Braden Schneider.
13:19 of 3rd period - Shot Blocked by T.J. Brodie.
13:25 of 3rd period - Shot by Jaden Schwartz.
13:25 of 3rd period - Stopped by Jake Oettinger without a rebound.
13:26 of 3rd period - Jaden Schwartz wins face-off versus Anze Kopitar in Bruins zone.
14:28 of 3rd period - Icing by Ty Dellandrea.
14:29 of 3rd period - Trevor Zegras wins face-off versus Jaden Schwartz in BlackHawks zone.
14:31 of 3rd period - Minor Penalty to Tom Wilson for Roughing.
14:32 of 3rd period - Ivan Barbashev wins face-off versus Charlie Coyle in Bruins zone.
14:53 of 3rd period - Shot by Braden Schneider.
14:53 of 3rd period - Shot Misses the Net.
15:02 of 3rd period - Icing by Derek Forbort.
15:03 of 3rd period - Ivan Barbashev wins face-off versus Nicolas Roy in BlackHawks zone.
15:03 of 3rd period - Ivan Barbashev is hit by Zach Parise.
15:21 of 3rd period - Alex Iafallo is hit by Braden Schneider and loses puck.
15:40 of 3rd period - Shot by Charlie Coyle.
15:40 of 3rd period - Stopped by Marc-Andre Fleury without a rebound.
15:41 of 3rd period - Tyler Seguin wins face-off versus Nicolas Roy in BlackHawks zone.
15:50 of 3rd period - Shot by Marc-Edouard Vlasic.
15:50 of 3rd period - Stopped by Jake Oettinger without a rebound.
15:51 of 3rd period - Nicolas Roy wins face-off versus Tyler Seguin in Bruins zone.
16:02 of 3rd period - Shot by Marc-Edouard Vlasic.
16:02 of 3rd period - Deflect By Andrei Kuzmenko.
16:02 of 3rd period - Shot Misses the Net.
16:30 of 3rd period - Shot by Charlie Coyle.
16:30 of 3rd period - Shot Blocked by Marc-Edouard Vlasic.
16:51 of 3rd period - Icing by Anze Kopitar.
16:52 of 3rd period - Ivan Barbashev wins face-off versus Anze Kopitar in Bruins zone.
16:55 of 3rd period - Shot by Max Domi.
16:55 of 3rd period - Stopped by Jake Oettinger with a rebound.
16:57 of 3rd period - Shot by Max Domi.
16:57 of 3rd period - Stopped by Jake Oettinger with a rebound.
16:59 of 3rd period - Shot by Ivan Barbashev.
16:59 of 3rd period - Stopped by Jake Oettinger without a rebound.
17:00 of 3rd period - Trevor Zegras wins face-off versus Ivan Barbashev in Bruins zone.
17:00 of 3rd period - Trevor Zegras is hit by Ivan Barbashev.
17:37 of 3rd period - Shot by Tom Wilson.
17:37 of 3rd period - Deflect By Trevor Zegras.
17:37 of 3rd period - Shot Misses the Net.
17:40 of 3rd period - Alex Iafallo is hit by Derek Forbort and loses puck.
18:45 of 3rd period - Shot by Tyler Seguin.
18:45 of 3rd period - Shot Blocked by Yegor Sharangovich.
18:47 of 3rd period - Shot by Zach Bogosian.
18:47 of 3rd period - Stopped by Jake Oettinger without a rebound.
18:48 of 3rd period - Jaden Schwartz wins face-off versus Charlie Coyle in Bruins zone.
18:48 of 3rd period - Jaden Schwartz is hit by Jamie Oleksiak.
Goals for this period are 2 for BlackHawks vs 1 for Bruins.
Shots for this period are 13 for BlackHawks vs 12 for Bruins.

Overtime #1


0:01 of 1st overtime period - Anders Lee wins face-off versus Anze Kopitar in neutral zone.
0:10 of 1st overtime period - Shot by Ivan Barbashev.
0:10 of 1st overtime period - Stopped by Jake Oettinger without a rebound.
0:11 of 1st overtime period - Anders Lee wins face-off versus Anze Kopitar in Bruins zone.
0:24 of 1st overtime period - Shot by Ivan Barbashev.
0:24 of 1st overtime period - Shot Blocked by Cam Fowler.
0:40 of 1st overtime period - Shot by Bryan Rust.
0:40 of 1st overtime period - Shot Misses the Net.
0:42 of 1st overtime period - Shot by Bryan Rust.
0:42 of 1st overtime period - Stopped by Marc-Andre Fleury without a rebound.
0:43 of 1st overtime period - Anze Kopitar wins face-off versus Tyler Seguin in BlackHawks zone.
1:42 of 1st overtime period - Shot by Alex Iafallo.
1:42 of 1st overtime period - Stopped by Marc-Andre Fleury without a rebound.
1:43 of 1st overtime period - Trevor Zegras wins face-off versus Anders Lee in BlackHawks zone.
2:20 of 1st overtime period - Shot by Anders Lee.
2:20 of 1st overtime period - Shot Blocked by Bryan Rust.
3:00 of 1st overtime period - Shot by Andrei Kuzmenko.
3:00 of 1st overtime period - Stopped by Jake Oettinger with a rebound.
3:08 of 1st overtime period - Shot by Anze Kopitar.
3:08 of 1st overtime period - Stopped by Marc-Andre Fleury with a rebound.
3:33 of 1st overtime period - Icing by Brett Pesce.
3:34 of 1st overtime period - Charlie Coyle wins face-off versus Max Domi in Bruins zone.
3:47 of 1st overtime period - Shot by Brett Pesce.
3:47 of 1st overtime period - Stopped by Marc-Andre Fleury without a rebound.
3:48 of 1st overtime period - Anders Lee wins face-off versus Anze Kopitar in BlackHawks zone.
4:47 of 1st overtime period - Shot by Tyler Seguin.
4:47 of 1st overtime period - Stopped by Jake Oettinger without a rebound.
4:48 of 1st overtime period - Tyler Seguin wins face-off versus Trevor Zegras in Bruins zone.
Goals for this period are 0 for BlackHawks vs 0 for Bruins.
Shots for this period are 3 for BlackHawks vs 4 for Bruins.

ShootOut


5:00 of 1st overtime period - Round #1.
5:00 of 1st overtime period - BlackHawks, Anders Lee.
5:00 of 1st overtime period - Stopped by Jake Oettinger.
5:00 of 1st overtime period - Bruins, Bryan Rust.
5:00 of 1st overtime period - Stopped by Marc-Andre Fleury.
5:00 of 1st overtime period - Round #2.
5:00 of 1st overtime period - BlackHawks, Ivan Barbashev.
5:00 of 1st overtime period - Stopped by Jake Oettinger.
5:00 of 1st overtime period - Bruins, Trevor Zegras.
5:00 of 1st overtime period - Stopped by Marc-Andre Fleury.
5:00 of 1st overtime period - Round #3.
5:00 of 1st overtime period - BlackHawks, Tyler Seguin.
5:00 of 1st overtime period - Shot Misses the Net.
5:00 of 1st overtime period - Bruins, Tyler Bertuzzi.
5:00 of 1st overtime period - Shot Misses the Net.
5:00 of 1st overtime period - Round #4.
5:00 of 1st overtime period - BlackHawks, Andrei Kuzmenko.
5:00 of 1st overtime period - Goal by Andrei Kuzmenko.
5:00 of 1st overtime period - Bruins, Anze Kopitar.
5:00 of 1st overtime period - Stopped by Marc-Andre Fleury.